 Dungeon Crawl Stone Soup version 0.30-a0-23-ge60ba3568b (webtiles) character file.

Game seed: 4250728359916383336

5225 uglyjohn the Arsonist (level 10, -3/74 HPs)
             Began as a Red Draconian Air Elementalist on Aug 24, 2022.
             Was a Believer of Vehumet.
             Killed from afar by an electric eel (4 damage)
             ... with a bolt of electricity
             ... on level 9 of the Dungeon.
             The game lasted 00:32:30 (10599 turns).

uglyjohn the Arsonist (DrAE)                       Turns: 10599, Time: 00:32:31

Health: -3/74      AC:  8    Str: 10    XL:     10   Next: 35%
Magic:  16/22      EV: 12    Int: 20    God:    Vehumet [**....]
Gold:   442        SH:  5    Dex: 12    Spells: 10/25 levels left

rFire   + + .      SeeInvis .    l - +10 war axe of Noon {protect, Fly rPois rF+ Will+}
rCold   . . .      Faith    .    (no shield)
rNeg    . . .      Spirit   .    (body armour unavailable)
rPois   +          Reflect  +    (helmet restricted)
rElec   .          Harm     .    (no cloak)
rCorr   .          Rampage  .    (no gloves)
Will    +....                    s - +0 pair of boots
Stlth   ++........               F - amulet of reflection
HPRegen 0.22/turn                A - ring of wizardry
MPRegen 0.18/turn                (no ring)

@: flying
A: breathe fire, AC +7, unfitting armour, fire resistance 1, cold-blooded
a: Breathe Fire, Renounce Religion


You were on level 9 of the Dungeon.
You worshipped Vehumet.
Vehumet was pleased with you.
You visited 2 branches of the dungeon, and saw 10 of its levels.
You also visited: Sewer.

You collected 442 gold pieces.

Inventory:

Hand Weapons
 l - the +10 war axe of Noon (weapon) {protect, Fly rPois rF+ Will+}
   (You found it on level 2 of the Dungeon)

   It grants its wielder temporary protection when it strikes (+7 to AC).
   rF:        It protects you from fire.
   rPois:     It protects you from poison.
   Fly:       It grants you flight.
   Will:      It increases your willpower.
Missiles
 E - a throwing net
Armour
 o - a +0 pair of gloves
 s - a +0 pair of boots (worn)
Magical Staves
 d - a staff of air
Jewellery
 A - a ring of wizardry (left hand)
 D - a ring of ice
 F - an amulet of reflection (around neck)
 G - an amulet of guardian spirit
 J - an amulet of the acrobat
Wands
 z - a wand of flame (49)
 L - a wand of digging (1)
 M - a wand of roots (6)
 O - a wand of paralysis (7)
 P - a wand of quicksilver (7)
Scrolls
 b - 2 scrolls of torment {unknown}
 e - a scroll of amnesia {unknown}
 h - 4 scrolls of teleportation {unknown}
 i - 7 scrolls of identify
 j - 4 scrolls of immolation {unknown}
 p - 2 scrolls of fear {unknown}
 t - 2 scrolls of enchant weapon {unknown}
 u - 4 scrolls of butterflies {unknown}
 v - a scroll of magic mapping {unknown}
 y - 2 scrolls of noise {unknown}
 C - a scroll of silence {unknown}
 H - a scroll of enchant armour {unknown}
 I - a scroll of blinking {unknown}
 N - 3 scrolls of summoning {unknown}
 Q - a scroll of vulnerability {unknown}
Potions
 a - a potion of magic
 c - 2 potions of haste {unknown}
 f - 3 potions of flight {unknown}
 g - a potion of brilliance {unknown}
 k - 4 potions of might
 m - 5 potions of curing {unknown}
 n - a potion of invisibility {unknown}
 q - a potion of ambrosia {unknown}
 r - a potion of attraction {unknown}
 B - 2 potions of mutation {unknown}
 K - 2 potions of heal wounds {unknown}
Miscellaneous
 w - a piece from Xom's chessboard (15/15)
 x - a tin of tremorstones (2/2)


   Skills:
 - Level 2.5 Fighting
 - Level 5.0 Staves
 - Level 1.7 Dodging
 - Level 1.7 Stealth
 + Level 8.2 Spellcasting
 - Level 3.8 Conjurations
 + Level 10.8 Fire Magic
 - Level 6.2 Air Magic


You had 10 spell levels left.
You knew the following spells:

 Your Spells              Type           Power      Damage    Failure   Level
a - Shock                 Conj/Air       100%       1d9       1%          1
b - Static Discharge      Conj/Air       28%        3-7/arc   1%          2
c - Airstrike             Air            16%        2d(3-19)  2%          4
d - Conjure Flame         Conj/Fire      37%        6-21      1%          3
e - Sticky Flame          Conj/Fire      37%        2d6       1%          4
f - Foxfire               Conj/Fire      100%       2x1d9     1%          1

Your spell library contained the following spells:

 Spells                   Type           Power      Damage    Failure   Level
 Swiftness                Air            33%        N/A       1%          3
 Ignite Poison            Fire/Tmut/Pois 22%        N/A       2%          3
 Summon Small Mammal      Summ           32%        N/A       3%          1
 Sublimation of Blood     Necr           8%         N/A       5%          2
 Wereblood                Tmut           8%         N/A       5%          2
 Call Canine Familiar     Summ           8%         N/A       11%         3
 Portal Projectile        Hex/Tloc       16%        N/A       11%         3
 Summon Guardian Golem    Hex/Summ       8%         N/A       11%         3
 Tukima's Dance           Hex            8%         N/A       11%         3
 Leda's Liquefaction      Hex/Erth       4%         N/A       32%         4
 Passage of Golubria      Tloc           8%         N/A       32%         4
 Petrify                  Tmut/Erth      8%         N/A       32%         4
 Irradiate                Conj/Tmut      7%         3d14      38%         5
 Yara's Violent Unravell  Hex/Tmut       4%         3d4       65%         5
 Summon Hydra             Summ           4%         N/A       100%        7


Dungeon Overview and Level Annotations

Branches:
Dungeon (9/15)             Temple (1/1) D:5            Lair (0/5) D:8
  Sewer (visited)
    Orc: D:9-12

Altars:
Ashenzari
Cheibriados
Dithmenos
Elyvilon
Fedhas
Gozag
Hepliaklqana
Kikubaaqudgha
Makhleb
Nemelex Xobeh
Okawaru
Qazlal
Ru
Sif Muna
Trog
Uskayaw
Vehumet
Wu Jian
Xom
Yredelemnul
Zin
The Shining One

Shops:
D:6 (


Innate Abilities, Weirdness & Mutations

You can breathe blasts of fire.
Your fiery red scales are hard. (AC +7)
You cannot fit into any form of body armour.
Your flesh is heat resistant. (rF+)
You are cold-blooded and may be slowed by cold attacks.


Message History

The sticky flame hits the killer bee!
You kill the killer bee!
Vehumet accepts your kill.
The foxfire hits the bullfrog.
The bullfrog is lightly wounded.
Casting: Sticky Flame (dangerous; 1% risk of failure)
Confirm with . or Enter, or press ? or * to list all spells.
Aiming: Sticky Flame (dangerous; 1% risk of failure)
Press: ? - help, Shift-Dir - straight line, f - bullfrog
Aim: a bullfrog (lightly wounded, 100% to hit)
The sticky flame hits the bullfrog!
The bullfrog is heavily wounded.
The bullfrog is covered in liquid flames!
The bullfrog burns!
The bullfrog hits you but does no damage.
You slash the bullfrog!
Your weapon exudes an aura of protection.
You kill the bullfrog!
Vehumet accepts your kill.
You feel your power returning.
Unknown command.
You start resting.
An electric eel comes into view.
Casting: Sticky Flame (dangerous; 1% risk of failure)
Confirm with . or Enter, or press ? or * to list all spells.
You conjure some foxfire!
The electric eel shoots out a bolt of lightning at you!
The bolt of electricity hits your foxfire!
The bolt of electricity misses you. The bolt of electricity hits you.
* * * LOW HITPOINT WARNING * * *
The bolt of electricity hits your foxfire!
The foxfire hits the electric eel.
The electric eel is moderately wounded.
The electric eel is engulfed in a cloud of scalding steam.
The electric eel shoots out a bolt of lightning at you!
The bolt of electricity hits your foxfire!
The bolt of electricity hits you!
* * * LOW HITPOINT WARNING * * *
The bolt of electricity hits you.
You die...

################
.............§@#
♣♣~SP♣~#####§# ♣~P
♣~♣♣~♣~#§########
~~~~~P~~♣♣~~~♣........#
~~≈≈~≈~~~~~~~S♣♣#####.#
Py≈y≈≈≈~~~~♣~~~~♣.....#
≈≈≈≈≈≈≈≈≈≈~~~~~~~~###.#
S≈≈≈≈≈≈≈≈≈~~~~~~~~~##.###
≈≈≈≈≈≈≈≈≈≈≈~~~~♣~♣♣##...#


You could see an electric eel.

Vanquished Creatures
  2 two-headed ogres
  An unseen horror (D:9)
  2 shadows
  Sigmund (D:5)
  3 yaks (D:8)
  A wyvern (D:9)
  2 steam dragons
  A water moccasin (D:9)
  An ice beast (D:8)
  A sky beast (D:7)
  An ogre (D:7)
  3 kobold brigands
  5 bullfrogs
  2 necrophages (D:5)
  5 wights (D:8)
  7 killer bees
  3 howler monkeys
  2 electric eels (D:9)
  2 orc priests
  A gnoll bouda (D:3)
  3 hounds
  4 jellies
  3 iguanas
  An orc wizard (D:9)
  Robin (D:4)
  11 gnolls
  7 adders
  A shadow imp (D:5)
  A white imp (D:6)
  2 worms
  A dart slug (D:5)
  12 orcs
  9 ball pythons
  3 endoplasms
  5 giant cockroaches
  7 hobgoblins
  6 jackals (D:3)
  11 quokkas
  5 bats (D:1)
  9 frilled lizards
  12 goblins
  20 kobolds
  8 rats
188 creatures vanquished.

Vanquished Creatures (others)
  A killer bee (D:9)
  11 foxfires (D:9)
  5 fungi (D:8)
  37 plants
54 creatures vanquished.

Grand Total: 242 creatures vanquished

Notes
Turn   | Place    | Note
-------+----------+-------------------------------------------
     0 | D:1      | uglyjohn the Draconian Air Elementalist began the quest for
                  | the Orb.
     0 | D:1      | Reached XP level 1. HP: 14/14 MP: 3/3
   338 | D:1      | Found a faded altar of an unknown god.
   428 | D:1      | Reached XP level 2. HP: 20/20 MP: 1/5
  1370 | D:2      | Reached skill level 1 in Staves
  1628 | D:2      | Reached XP level 3. HP: 26/26 MP: 3/6
  1807 | D:2      | Identified the +10 war axe of Noon {protect, Fly rPois rF+
                  | Will+}
  2678 | D:3      | Learned a level 2 spell: Static Discharge
  2872 | D:3      | Reached XP level 4. HP: 33/33 MP: 1/7
  3545 | D:4      | Found a glowing drain.
  3555 | Sewer    | Entered a sewer
  3873 | Sewer    | Noticed a bullfrog
  3873 | Sewer    | Noticed a bullfrog
  3880 | Sewer    | Killed a bullfrog
  3881 | Sewer    | Reached XP level 5. HP: 23/38 MP: 4/8
  4143 | D:3      | Reached XP level 6. HP: 7/45 MP: 0/9
  4454 | D:4      | Identified the +2 helmet "Asay" {Fly rC+ rCorr Int-4}
  4454 | D:4      | Noticed Robin
  4461 | D:4      | Killed Robin
  4759 | D:4      | Learned a level 4 spell: Airstrike
  5039 | D:5      | Entered Level 5 of the Dungeon
  5128 | D:5      | Reached skill level 1 in Fighting
  5128 | D:5      | Reached skill level 5 in Air Magic
  5341 | D:5      | Your scales start taking on a fiery red colour.
  5341 | D:5      | Reached XP level 7. HP: 52/52 MP: 5/10
  5341 | D:5      | Gained mutation: Your flesh is heat resistant. (rF+) [Red
                  | Draconian growth]
  5410 | D:5      | Found a staircase to the Ecumenical Temple.
  5423 | Temple   | Entered the Ecumenical Temple
  5595 | Temple   | Became a worshipper of Vehumet
  5988 | D:5      | Noticed Sigmund
  5990 | D:5      | Killed Sigmund
  6032 | D:5      | Identified the +1 fire dragon scales of Defiance {Rampage
                  | +Inv rF++ rC- Will- Int-2}
  6102 | D:5      | Reached skill level 5 in Staves
  6142 | D:5      | Learned a level 3 spell: Conjure Flame
  6229 | D:5      | Reached skill level 1 in Fire Magic
  6428 | D:6      | Reached skill level 2 in Fire Magic
  6622 | D:6      | Found Foxyoseu's Weapon Shop.
  6872 | D:6      | Reached XP level 8. HP: 62/62 MP: 5/11
  6945 | D:6      | Reached skill level 3 in Fire Magic
  7327 | D:7      | Reached skill level 4 in Fire Magic
  7439 | D:7      | Reached skill level 5 in Fire Magic
  7943 | D:7      | Reached skill level 6 in Fire Magic
  8012 | D:7      | Reached * piety under Vehumet
  8012 | D:7      | Offered knowledge of Freeze by Vehumet.
  8077 | D:7      | Learned a level 4 spell: Sticky Flame
  8120 | D:7      | Noticed a two-headed ogre
  8136 | D:7      | Killed a two-headed ogre
  8137 | D:7      | Reached skill level 5 in Spellcasting
  8137 | D:7      | Reached skill level 7 in Fire Magic
  8137 | D:7      | Reached XP level 9. HP: 54/68 MP: 5/17
  8604 | D:8      | Noticed a two-headed ogre
  8616 | D:8      | Killed a two-headed ogre
  8617 | D:8      | Reached skill level 8 in Fire Magic
  8694 | D:8      | Reached skill level 9 in Fire Magic
  8877 | D:8      | Found a staircase to the Lair.
  8907 | D:8      | Reached XP level 10. HP: 74/74 MP: 17/21
  8946 | D:8      | Found a hide-covered altar of Uskayaw.
  9073 | D:8      | Found the +4 robe of Augmentation {Str+4 Int+4 Dex+4}
  9677 | D:9      | Reached skill level 10 in Fire Magic
 10113 | D:9      | Offered knowledge of Foxfire by Vehumet.
 10225 | D:9      | Learned a level 1 spell: Foxfire
 10234 | D:9      | Reached ** piety under Vehumet
 10599 | D:9      | HP: 1/74 [electric eel/bolt of electricity (14)]
 10599 | D:9      | Killed from afar by an electric eel

Illustrated notes

Levels and vault maps discovered:
D:1:      dpeg_arrival_tiny_d, layout_basic, dreamdust_ecumenical_altar_grove,
          serial_forest, infiniplex_forest_fountain, infiniplex_forest_lined_1,
          infiniplex_forest_clump_tiny, infiniplex_forest_end_1,
          infiniplex_forest_straight_1, infiniplex_forest_straight_3
D:2:      layout_basic, serial_rivers, chequers_serial_rivers_large_a,
          chequers_serial_rivers_small_3, chequers_serial_rivers_micro_e,
          chequers_serial_rivers_micro_d, chequers_serial_rivers_room_b,
          nicolae_figureground_sparkle
D:3:      layout_basic, minmay_misc_feat_tower
D:4:      layout_rooms, portal_sewer_entry_a, uniq_robin
D:5:      layout_cave_pods, minmay_temple_entry_proselytizer, minivault_5,
          minmay_strange_pillars, uniq_sigmund
D:6:      layout_basic, serial_shops, nicolae_shop_bloodbath_and_beyond,
          corexii_item_surrounded_by_moat
D:7:      layout_basic, nicolae_water_bricks, nicolae_titane
D:8:      layout_loops_ring, kennysheep_mini, dpeg_oklobed_lair, nrook_uturn
D:9:      layout_loops_ring, serial_bayou_lake_a
Temple:   mainiacjoe_temple_hex_bubbles

Skill      XL: |  1  2  3  4  5  6  7  8  9 10 |
---------------+-------------------------------+-----
Staves         | 1 2 3 4 5 |  5.0
Conjurations   | 2 3 |  3.8
Air Magic      | 4 5 6 |  6.2
Fighting       | 1 2 |  2.5
Fire Magic     | 2 7 9 10 | 10.8
Spellcasting   | 5 7 8 |  8.2
Dodging        | |  1.7
Stealth        | |  1.7

Action                   |  1- 3 |  4- 6 |  7- 9 | 10-12 || total
-------------------------+-------+-------+-------+-------++-------
Melee: Staff             |    15 |       |       |       ||    15
       Tailslap          |     4 |     5 |     2 |       ||    11
       War axe           |    15 |    41 |    23 |     3 ||    82
 Cast: Shock             |    79 |    75 |   126 |    82 ||   362
       Static Discharge  |       |     4 |     7 |    12 ||    23
       Conjure Flame     |       |       |     2 |       ||     2
       Sticky Flame      |       |       |     1 |     5 ||     6
       Foxfire           |       |       |       |     7 ||     7
 Abil: Breathe Fire      |       |       |    17 |       ||    17
  Use: Scroll            |       |     2 |       |       ||     2
 Stab: Sleeping          |     1 |     2 |       |       ||     3
Armor: Skin              |    17 |    25 |    13 |    16 ||    71
Dodge: Dodged            |    31 |    59 |    33 |    17 ||   140
Block: Other             |       |       |    11 |     7 ||    18
       Reflection        |       |       |       |     1 ||     1

Table legend: (Time is in decaauts)
 A = Elapsed time spent in this place.
 B = Non-inter-level travel time spent in this place.
 C = Inter-level travel time spent in this place.
 D = Time resting spent in this place.
 E = Time spent auto-exploring this place.
 F = Levels seen in this place.
 G = Mean time per level.
                   A        B        C        D        E       F      G
               +--------+--------+--------+--------+--------+-----+--------+
         Total |  10655 |  10396 |    259 |   3000 |   6216 |  11 |  968.6 |
       Dungeon |   9826 |   9596 |    230 |   2652 |   5909 |   9 | 1091.8 |
        Temple |    242 |    213 |     29 |      0 |    204 |   1 |  242.0 |
         Sewer |    586 |    586 |      0 |    348 |    103 |   1 |  586.0 |
               +--------+--------+--------+--------+--------+-----+--------+

Top non-repeatable levels by time:
     D:7: 1331 daAuts
     D:3: 1279 daAuts
     D:1: 1252 daAuts
     D:2: 1195 daAuts
     D:8: 1087 daAuts
     D:5: 1009 daAuts
     D:9: 978 daAuts
     D:6: 923 daAuts
     D:4: 769 daAuts
   Sewer: 586 daAuts
  Temple: 242 daAuts
